 Dungeon Crawl Stone Soup version 0.31.0-11-ge490571c62 (webtiles) character file.

Game seed: 16958894724113334228

179 Gadfly the Insei (level 5, -4/61 HPs)
             Began as a Demonspawn Monk on Jan 31, 2024.
             Slain by Edmund
             ... wielding a +3 flail
              (10 damage)
             ... on level 4 of the Dungeon.
             The game lasted 00:03:14 (2539 turns).

Gadfly the Insei (Demonspawn Monk)                  Turns: 2539, Time: 00:03:15

Health: -4/61      AC: 22    Str: 11 (14) XL:     5   Next: 32%
Magic:  5/5        EV:  2    Int:  7 (10) God:
Gold:   180        SH:  0    Dex: 12 (15) Spells: 4/4 levels left

rFire   . .          .
                       - Unarmed
rCold   . . .        c - orb {light}
rNeg    . . .        a - melded +1 robe
rPois   +            (helmet currently unavailable)
rElec   .            (cloak currently unavailable)
rCorr   .            (gloves currently unavailable)
SInv    .            (boots currently unavailable)
Will    .....        (no amulet)
Stlth   +            (no ring)
HPRegen 0.30/turn    (no ring)
MPRegen 0.09/turn

%: no passive effects
@: brilliant, tree-form, glowing
A: stationary, stasis, torment immunity, boosted hp, (horns 2), powered by death
2
a: no special abilities


You were on level 4 of the Dungeon.
You were a tree.
You visited 1 branch of the dungeon, and saw 4 of its levels.

You collected 180 gold pieces.

Inventory:

Armour
 a - a +1 robe (melded)
 c - an orb of light (worn)
Talismans
 n - a serpent talisman
Wands
 b - a wand of flame (16)
Scrolls
 d - 3 scrolls of vulnerability
 g - a scroll of enchant weapon
 h - 2 scrolls of revelation
 i - a scroll of teleportation
 m - a scroll of brand weapon {unknown}
Potions
 e - a potion of curing
 j - a potion of degeneration
 l - a potion of haste {unknown}
 p - a potion of attraction {unknown}
 q - a potion of mutation {unknown}


   Skills:
 - Level 3.0 Fighting
 + Level 3.2 Dodging
 * Level 3.6 Unarmed Combat
 * Level 2.4 Evocations
 * Level 2.1 Shapeshifting


You had 4 spell levels left.
You didn't know any spells.
Your spell library contained the following spells:

 Spells                   Type           Power      Damage    Failure   Level
 Slow                     Hex            0%         N/A       43%         1
 Confusing Touch          Hex            0%         N/A       80%         3
 Sigil of Binding         Hex            0%         N/A       80%         3
 Vampiric Draining        Necr           0%         2d6       80%         3


Dungeon Overview and Level Annotations

Branches:
Dungeon (4/15)
 Temple: D:4-7

Altars:

Shops:
D:2 [

Annotations:
D:4 Edmund


Innate Abilities, Weirdness & Mutations

You are a tree.
Your roots penetrate the ground, keeping you stationary.
You cannot be teleported.
You are immune to unholy pain and torment.
Your maximum health is greatly increased.
Your equipment is partially melded.
((You have a pair of horns on your head.))
You regenerate health from kills.


Message History

You feel sick. The adder closely misses you.
You hit the adder.
The adder is severely wounded.
You feel sick. The adder bites you but does no damage.
You hit the adder.
You kill the adder!
You feel sick.
You hit Edmund.
Edmund is heavily wounded.
You feel sick.
You are no longer poisoned.
Edmund hits you with a +3 flail!
* * * LOW HITPOINT WARNING * * *
Unknown command.
You turn into a tree.
Your +1 robe melds into your body.
Your roots penetrate the ground.
Edmund hits you with a +3 flail.
* * * LOW HITPOINT WARNING * * *
You feel better. Edmund hits you with a +3 flail.
* * * LOW HITPOINT WARNING * * *
You hit Edmund but do no damage.
Edmund is heavily wounded.
You barely miss Edmund.
Edmund is heavily wounded.
Edmund hits you with a +3 flail.
* * * LOW HITPOINT WARNING * * *
You hit Edmund.
Edmund is heavily wounded.
Edmund hits you with a +3 flail.
* * * LOW HITPOINT WARNING * * *
It was a potion of degeneration.
There was something very wrong with that liquid.
You feel weakened.
You feel dopey.
You feel clumsy. Edmund hits you but does no damage.
You cannot move.
You cannot move.
It was a potion of brilliance.
You feel clever all of a sudden. Edmund hits you with a +3 flail!
You die...
Edmund says, "I'd like to see a scythe do that!"

#########
###.......#
#.........#
#.........#
#.........#
..........##########
................♣@>#
..........########.#
..........# #...#
....####### #...#
##### #.... #.....
#?..... #...####
#...#


You could see Edmund.

Vanquished Creatures
  A hound (D:4)
  Jessica (D:3)
  An iguana (D:4)
  Terence (D:2)
  2 adders (D:4)
  A dart slug (D:1)
  2 orcs (D:3)
  5 bats
  4 endoplasms
  5 giant cockroaches
  5 goblins
  2 hobgoblins
  2 jackals (D:1)
  4 quokkas
  5 ball pythons
  4 frilled lizards
  3 kobolds (D:3)
  3 rats
51 creatures vanquished.

Notes
Turn   | Place    | Note
-------+----------+-------------------------------------------
     0 | D:1      | Gadfly the Demonspawn Monk began the quest for the Orb.
     0 | D:1      | Reached XP level 1. HP: 18/18 MP: 1/1
   153 | D:1      | Gained mutation: You have a pair of small horns on your
                  | head. [demonic ancestry]
   153 | D:1      | Reached XP level 2. HP: 24/24 MP: 2/2
   511 | D:2      | Noticed Terence
   515 | D:2      | Reached skill level 1 in Evocations
   634 | D:2      | Killed Terence
   635 | D:2      | Reached skill level 1 in Shapeshifting
   635 | D:2      | Gained mutation: You regenerate a little health from kills.
                  | [demonic ancestry]
   635 | D:2      | Reached XP level 3. HP: 16/29 MP: 3/3
   791 | D:2      | Found Jurooh's Armour Boutique.
  1649 | D:3      | Noticed Jessica
  1656 | D:3      | Killed Jessica
  1657 | D:3      | Gained mutation: You regenerate health from kills. [demonic
                  | ancestry]
  1657 | D:3      | Reached XP level 4. HP: 24/35 MP: 4/4
  2329 | D:4      | Gained mutation: You have a pair of horns on your head.
                  | [demonic ancestry]
  2329 | D:4      | Reached XP level 5. HP: 19/41 MP: 5/5
  2516 | D:4      | Noticed Edmund
  2539 | D:4      | Slain by Edmund

Illustrated notes

Levels and vault maps discovered:
D:1:      evilmike_arrival_plus, layout_basic, feat_on_display
D:2:      layout_basic, serial_shops, nicolae_shop_crystal, kennysheep_boxes,
          uniq_terence
D:3:      layout_loops_ring, uniq_jessica
D:4:      layout_basic, kennysheep_nondescript, serial_bayou_pond_a,
          interstate_on_off, uniq_crazy_yiuf_cottage, uniq_edmund

Skill      XL: |  1  2  3  4 |
---------------+-------------+-----
Evocations     | 1 2 |  2.4
Unarmed Combat | 3 |  3.6
Shapeshifting  | 1 2 |  2.1
Dodging        | 3 |  3.2
Fighting       | |  3.0

Action                     |  1- 3 |  4- 6 || total
---------------------------+-------+-------++-------
  Melee: Unarmed           |    90 |    69 ||   159
         Headbutt          |    13 |    15 ||    28
    Use: Scroll            |     7 |     2 ||     9
         Potion            |     1 |     5 ||     6
 Armour: Robe              |    41 |    38 ||    79
         Skin              |       |     6 ||     6
  Dodge: Dodged            |    63 |    40 ||   103
